PUBAA
OCEAN CITY SAILORS @ BAY ROYALS
07/08/1972
 
TOP OF THE 1ST
Red Bank Clerks batting - Pitching for Spokane Words : LHP Paul Walker
Pitching: LHP Paul Walker
Batting: RHB Mike Hayes 0-0: Ball
1-0: Called Strike
1-1: Ball
2-1: Ball
3-1: Foul Ball, location: 2F
3-2: Base on Balls
Batting: LHB Juan Álvarez 0-0: Called Strike
0-1: Ball
1-1: Ball
Mike Hayes is caught stealing 2nd base 2-6
2-1: Called Strike
2-2: Fly out, F9 (Flyball, 9LM, EV 95.6 MPH)
Batting: SHB Bryce Klein 0-0: SINGLE (Line Drive, 4MD, EV 99.4 MPH)
Batting: LHB Brian Norton 0-0: Ball
1-0: Ball
2-0: Called Strike
2-1: Ball
3-1: SINGLE (Groundball, 6MS, EV 75.6 MPH) (infield hit)
Bryce Klein to second
Batting: RHB Ángel Medina 0-0: Ball
1-0: Called Strike
1-1: Swinging Strike
1-2: Ball
2-2: Ball
3-2: Foul Ball, location: 2F
3-2: Base on Balls
Bryce Klein to third
Brian Norton to second
Batting: RHB Tony Green 0-0: Foul Ball, location: 2F
0-1: Ball
1-1: SINGLE (Line Drive, 6M, EV 106.9 MPH)
Bryce Klein scores
Brian Norton to third
Ángel Medina to second
Runner from 3rd tries for Home, throw by CF and OUT! 8-2
Top of the 1st over - 1 run, 3 hits, 0 errors, 2 left on base; Red Bank 1 - Spokane 0
BOTTOM OF THE 1ST
Spokane Words batting - Pitching for Red Bank Clerks : LHP Mike Waters
Pitching: LHP Mike Waters
Batting: RHB Will Ward 0-0: Foul Ball, location: 2F
0-1: Ball
1-1: Called Strike
1-2: Foul Ball, location: 2F
1-2: Strikes out swinging
Batting: LHB Leland Pearson 0-0: Foul Ball, location: 2F
0-1: Ball
1-1: Ball
2-1: Foul Ball, location: 2F
2-2: Ball
3-2: Base on Balls
Batting: RHB Rafael Cordola 0-0: Ball
1-0: Foul Ball, location: 2F
1-1: Foul Ball, location: 2F
1-2: DOUBLE (Line Drive, 8RD, EV 92.5 MPH)
Leland Pearson to third
Batting: RHB David Duke 0-0: Called Strike
0-1: Ball
1-1: Swinging Strike
1-2: Foul Ball, location: 2F
1-2: Foul Ball, location: 2F
1-2: Strikes out looking
Batting: SHB Ray Ellis 0-0: Ball
1-0: Foul Ball, location: 2F
1-1: Fly out, F9 (Flyball, 9, EV 82.5 MPH)
Bottom of the 1st over - 0 runs, 1 hit, 0 errors, 2 left on base; Red Bank 1 - Spokane 0
TOP OF THE 2ND
Red Bank Clerks batting - Pitching for Spokane Words : LHP Paul Walker
Batting: RHB Scott Garrett 0-0: Foul Ball, location: 2F
0-1: Ball
1-1: Ball
2-1: Foul Ball, location: 2F
2-2: Fly out, F8 (Flyball, 8RM, EV 93.8 MPH)
Batting: RHB Marvin Miller 0-0: Called Strike
0-1: Called Strike
0-2: Ball
1-2: Ball
2-2: SINGLE (Flyball, 6D, EV 98.1 MPH)
Batting: RHB Takahashi Hagiwara 0-0: Foul Ball, location: 2F
0-1: Ball
1-1: Ball
2-1: Grounds into double play, 6-4-3 (Groundball, 6, EV 76.2 MPH)
Top of the 2nd over - 0 runs, 1 hit, 0 errors, 0 left on base; Red Bank 1 - Spokane 0
BOTTOM OF THE 2ND
Spokane Words batting - Pitching for Red Bank Clerks : LHP Mike Waters
Batting: SHB Bob Densham 0-0: Ball
1-0: Ball
2-0: Called Strike
2-1: Ground out 6-3 (Groundball, 6, EV 86.9 MPH)
Batting: RHB Daniel Bonner 0-0: DOUBLE (Line Drive, 78D, EV 103.8 MPH)
Batting: RHB Ramón Cruz 0-0: Called Strike
0-1: Called Strike
0-2: Ball
1-2: Ball
2-2: Foul Ball, location: 2F
2-2: Fly out, F8 (Line Drive, 8RD, EV 102.5 MPH)
Batting: RHB Miguel Quiñones 0-0: Called Strike
0-1: Ball
1-1: Foul Ball, location: 2F
1-2: Strikes out swinging
Bottom of the 2nd over - 0 runs, 1 hit, 0 errors, 1 left on base; Red Bank 1 - Spokane 0
TOP OF THE 3RD
Red Bank Clerks batting - Pitching for Spokane Words : LHP Paul Walker
Batting: RHB Mike Hayes 0-0: Foul Ball, location: 2F
0-1: Ground out 4-3 (Groundball, 4, EV 108.1 MPH)
Batting: LHB Juan Álvarez 0-0: Called Strike
0-1: Ball
1-1: Ball
2-1: Ground out U3 (Groundball, 34, EV 93.1 MPH)
Batting: SHB Bryce Klein 0-0: Ball
1-0: SINGLE (Line Drive, 6M, EV 95.0 MPH)
Batting: LHB Brian Norton 0-0: Ball
1-0: Foul Ball, location: 2F
1-1: Ball
2-1: Ball
3-1: Foul Ball, location: 2F
3-2: Fly out, F8 (Flyball, 8LXD, EV 96.2 MPH)
Top of the 3rd over - 0 runs, 1 hit, 0 errors, 1 left on base; Red Bank 1 - Spokane 0
BOTTOM OF THE 3RD
Spokane Words batting - Pitching for Red Bank Clerks : LHP Mike Waters
Batting: RHB Will Ward 0-0: Swinging Strike
0-1: Swinging Strike
0-2: Fly out, F9 (Flyball, 9LM, EV 91.2 MPH)
Batting: LHB Leland Pearson 0-0: Fly out, F9 (Line Drive, 9, EV 100.0 MPH)
Batting: RHB Rafael Cordola 0-0: Ball
1-0: Foul Ball, location: 2F
1-1: Foul Ball, location: 2F
1-2: Ball
2-2: Ground out 4-3 (Groundball, 4M, EV 97.5 MPH)
Bottom of the 3rd over - 0 runs, 0 hits, 0 errors, 0 left on base; Red Bank 1 - Spokane 0
TOP OF THE 4TH
Red Bank Clerks batting - Pitching for Spokane Words : LHP Paul Walker
Batting: RHB Ángel Medina 0-0: Ball
1-0: Foul Ball, location: 2F
1-1: Swinging Strike
1-2: Ball
2-2: Fly out, F8 (Flyball, 8RM, EV 82.5 MPH)
Batting: RHB Tony Green 0-0: Ball
1-0: Reached on error, E5 (Groundball, 56S, EV 91.2 MPH)
Batting: RHB Scott Garrett 0-0: Ball
1-0: Foul Ball, location: 2F
1-1: Called Strike
1-2: Strikes out looking
Batting: RHB Marvin Miller 0-0: Ball
1-0: Fielders Choice at 2nd, 6-4 (Groundball, 6, EV 100.0 MPH)
Top of the 4th over - 0 runs, 0 hits, 1 error, 1 left on base; Red Bank 1 - Spokane 0
BOTTOM OF THE 4TH
Spokane Words batting - Pitching for Red Bank Clerks : LHP Mike Waters
Batting: RHB David Duke 0-0: Ball
1-0: Ball
2-0: Foul Ball, location: 2F
2-1: Swinging Strike
2-2: Ball
3-2: Strikes out looking
Batting: SHB Ray Ellis 0-0: Ball
1-0: Called Strike
1-1: Ball
2-1: Ground out 5-3 (Groundball, 56S, EV 88.1 MPH)
Batting: SHB Bob Densham 0-0: Ball
1-0: Called Strike
1-1: Swinging Strike
1-2: Strikes out looking
Bottom of the 4th over - 0 runs, 0 hits, 0 errors, 0 left on base; Red Bank 1 - Spokane 0
TOP OF THE 5TH
Red Bank Clerks batting - Pitching for Spokane Words : LHP Paul Walker
Batting: RHB Takahashi Hagiwara 0-0: Ball
1-0: Ball
2-0: Called Strike
2-1: SINGLE (Line Drive, 7LM, EV 98.1 MPH)
Batting: RHB Mike Hayes 0-0: Ball
1-0: Sac Bunt to 25 - play at first, batter OUT! 5-4
Takahashi Hagiwara to second
Batting: LHB Juan Álvarez 0-0: Ball
1-0: Foul Ball, location: 2F
1-1: Ball
2-1: Foul Ball, location: 2F
2-2: Ball
3-2: Ground out U3 (Groundball, 34, EV 99.4 MPH)
Takahashi Hagiwara to third
Batting: SHB Bryce Klein 0-0: Called Strike
0-1: Ball
1-1: Called Strike
1-2: Ball
2-2: Fly out, F9 (Flyball, 89M, EV 89.4 MPH)
Top of the 5th over - 0 runs, 1 hit, 0 errors, 1 left on base; Red Bank 1 - Spokane 0
BOTTOM OF THE 5TH
Spokane Words batting - Pitching for Red Bank Clerks : LHP Mike Waters
Batting: RHB Daniel Bonner 0-0: Ball
1-0: Foul Ball, location: 2F
1-1: Foul Ball, location: 2F
1-2: Strikes out swinging
Batting: RHB Ramón Cruz 0-0: Ball
1-0: Ball
2-0: Called Strike
2-1: Fly out, F9 (Flyball, 89M, EV 97.5 MPH)
Batting: RHB Miguel Quiñones 0-0: Ball
1-0: Foul Ball, location: 2F
1-1: Foul Ball, location: 2F
1-2: Strikes out swinging
Bottom of the 5th over - 0 runs, 0 hits, 0 errors, 0 left on base; Red Bank 1 - Spokane 0
TOP OF THE 6TH
Red Bank Clerks batting - Pitching for Spokane Words : LHP Paul Walker
Batting: LHB Brian Norton 0-0: Called Strike
0-1: Ball
1-1: Swinging Strike
1-2: SINGLE (Groundball, 4MD, EV 103.1 MPH)
Batting: RHB Ángel Medina 0-0: Ball
1-0: Foul Ball, location: 2F
1-1: Fly out, F9 (Line Drive, 9D, EV 98.1 MPH)
Batting: RHB Tony Green 0-0: Ball
1-0: Fly out, F9 (Line Drive, 9D, EV 103.1 MPH)
Batting: RHB Scott Garrett 0-0: Ball
1-0: Ball
2-0: Called Strike
2-1: Ball
3-1: Base on Balls
Brian Norton to second
Batting: RHB Marvin Miller 0-0: Called Strike
0-1: Swinging Strike
0-2: Foul Ball, location: 2F
0-2: Ball
1-2: Foul Ball, location: 2F
1-2: Strikes out swinging
Top of the 6th over - 0 runs, 1 hit, 0 errors, 2 left on base; Red Bank 1 - Spokane 0
BOTTOM OF THE 6TH
Spokane Words batting - Pitching for Red Bank Clerks : LHP Mike Waters
Batting: RHB Will Ward 0-0: Ball
1-0: Ball
2-0: Ground out 5-3 (Groundball, 56, EV 77.5 MPH)
Batting: LHB Leland Pearson 0-0: Ball
1-0: Foul Ball, location: 2F
1-1: Fly out, F8 (Line Drive, 8RD, EV 109.4 MPH)
Batting: RHB Rafael Cordola 0-0: Called Strike
0-1: Ball
1-1: Ball
2-1: Fly out, F5 (Line Drive, 5, EV 74.4 MPH)
Bottom of the 6th over - 0 runs, 0 hits, 0 errors, 0 left on base; Red Bank 1 - Spokane 0
TOP OF THE 7TH
Red Bank Clerks batting - Pitching for Spokane Words : LHP Paul Walker
Batting: RHB Takahashi Hagiwara 0-0: Ball
1-0: Ball
2-0: Called Strike
2-1: Foul Ball, location: 2F
2-2: Strikes out swinging
Batting: RHB Mike Hayes 0-0: Foul Ball, location: 2F
0-1: Ground out 6-3 (Groundball, 6, EV 82.5 MPH)
Pinch Hitting: RHB Felix Millan 0-0: SINGLE (Groundball, 6MD, EV 98.8 MPH)
Batting: SHB Bryce Klein 0-0: Ball
1-0: Fly out, F8 (Flyball, 8LXD, EV 106.9 MPH)
Top of the 7th over - 0 runs, 1 hit, 0 errors, 1 left on base; Red Bank 1 - Spokane 0
BOTTOM OF THE 7TH
Spokane Words batting - Pitching for Red Bank Clerks : LHP Mike Waters
Now in CF: Manny Aguilar
Batting: RHB David Duke 0-0: Ball
1-0: Ball
2-0: Ball
3-0: Called Strike
3-1: Base on Balls
Batting: SHB Ray Ellis 0-0: Called Strike
0-1: Swinging Strike
0-2: Foul Ball, location: 2F
0-2: Hit by Pitch
David Duke to second
Batting: SHB Bob Densham 0-0: Foul Ball, location: 2F
0-1: Ball
1-1: Ball
2-1: Called Strike
2-2: Foul Ball, location: 2F
2-2: Ball
Wild Pitch!
David Duke to third
Ray Ellis to second
3-2: Foul Ball, location: 2F
3-2: Foul Ball, location: 2F
3-2: Fly out, F8 (Flyball, 8RM, EV 82.5 MPH)
Runner from 3rd tags up, OUT at HOME! 8-2
Ray Ellis to third
Batting: RHB Daniel Bonner 0-0: Foul Ball, location: 2F
0-1: Called Strike
0-2: Ball
1-2: Ball
2-2: Ball
3-2: Base on Balls
Batting: RHB Ramón Cruz 0-0: Foul Ball, location: 2F
0-1: Ball
1-1: 3-RUN HOME RUN (Flyball, 7D, EV 97.5 MPH), Distance : 383 ft
Batting: RHB Miguel Quiñones 0-0: Called Strike
0-1: Ball
1-1: Ball
2-1: Foul Ball, location: 2F
2-2: Ball
3-2: Base on Balls
Pitching: RHP Nakamaro Ishikawa
Batting: RHB Will Ward 0-0: 2-RUN HOME RUN (Flyball, 7D, EV 98.8 MPH), Distance : 378 ft
Batting: LHB Leland Pearson 0-0: SINGLE (Groundball, P, EV 90.0 MPH) (infield hit)
Batting: RHB Rafael Cordola 0-0: Ball
1-0: Foul Ball, location: 2F
1-1: Foul Ball, location: 2F
1-2: Foul Ball, location: 2F
1-2: Hit by Pitch
Leland Pearson to second
Batting: RHB David Duke 0-0: Ball
1-0: Called Strike
1-1: Swinging Strike
1-2: Strikes out swinging
Bottom of the 7th over - 5 runs, 3 hits, 0 errors, 2 left on base; Red Bank 1 - Spokane 5
TOP OF THE 8TH
Red Bank Clerks batting - Pitching for Spokane Words : LHP Paul Walker
Batting: LHB Brian Norton 0-0: Ball
1-0: Ball
2-0: Called Strike
2-1: Ground out 4-3 (Groundball, 34, EV 81.9 MPH)
Batting: RHB Ángel Medina 0-0: Ball
1-0: Foul Ball, location: 2F
1-1: Ball
2-1: Ground out 5-3 (Groundball, 5, EV 80.0 MPH)
Batting: RHB Tony Green 0-0: Called Strike
0-1: SINGLE (Line Drive, 34D, EV 103.1 MPH)
Batting: RHB Scott Garrett 0-0: Ball
1-0: Ball
2-0: Swinging Strike
2-1: Foul Ball, location: 2F
2-2: Foul Ball, location: 2F
2-2: SINGLE (Line Drive, 8LM, EV 91.9 MPH)
Tony Green to second
Runner from 2nd tries for 3rd, SAFE, throw by CF made to third
Scott Garrett to second
Pitching: RHP Willis Hall
Pinch Hitting: LHB José Velázquez 0-0: Called Strike
0-1: Ball
1-1: Ball
2-1: Foul Ball, location: 2F
2-2: Strikes out swinging
Top of the 8th over - 0 runs, 2 hits, 0 errors, 2 left on base; Red Bank 1 - Spokane 5
BOTTOM OF THE 8TH
Spokane Words batting - Pitching for Red Bank Clerks : RHP Nakamaro Ishikawa
Now at 2B: Robert Gardner
Batting: SHB Ray Ellis 0-0: Ball
1-0: Ball
2-0: Swinging Strike
2-1: Ball
3-1: Foul Ball, location: 2F
3-2: SINGLE (Groundball, 3D, EV 96.9 MPH)
Batting: SHB Bob Densham 0-0: Ball
1-0: Bunted foul
1-1: Sac Bunt to 13 - play at first, batter OUT! 1-4
Ray Ellis to second
Batting: RHB Daniel Bonner 0-0: Ground out 6-3 (Groundball, 6, EV 96.9 MPH)
Batting: RHB Ramón Cruz 0-0: Ball
1-0: Called Strike
1-1: Ball
2-1: Ball
3-1: Base on Balls
Batting: RHB Miguel Quiñones 0-0: Called Strike
0-1: Ball
1-1: Swinging Strike
1-2: Strikes out swinging
Bottom of the 8th over - 0 runs, 1 hit, 0 errors, 2 left on base; Red Bank 1 - Spokane 5
TOP OF THE 9TH
Red Bank Clerks batting - Pitching for Spokane Words : RHP Willis Hall
Pinch Hitting: LHB Steve Whitaker 0-0: Ball
1-0: Ball
2-0: Ball
3-0: Base on Balls
Batting: RHB Mike Hayes 0-0: Ball
1-0: TRIPLE (Flyball, 89XD, EV 103.1 MPH)
Steve Whitaker scores
Batting: LHB Manny Aguilar 0-0: Called Strike
0-1: Foul Ball, location: 2F
0-2: Ball
1-2: Foul Ball, location: 2F
1-2: Foul Ball, location: 2F
1-2: Ball
2-2: Ball
3-2: Base on Balls
Batting: SHB Bryce Klein 0-0: Called Strike
0-1: Ball
1-1: Ball
2-1: Ball
3-1: Base on Balls
Manny Aguilar to second
Batting: LHB Brian Norton 0-0: Ball
1-0: Ball
2-0: Ball
3-0: Base on Balls
Mike Hayes scores
Manny Aguilar to third
Bryce Klein to second
Pinch Hitting: SHB Lawrence Hansen 0-0: Ball
1-0: Called Strike
1-1: Ball
2-1: Ball
3-1: Base on Balls
Manny Aguilar scores
Bryce Klein to third
Brian Norton to second
Batting: RHB Tony Green 0-0: Ball
1-0: SINGLE (Groundball, 6, EV 104.4 MPH)
Bryce Klein scores
Brian Norton to third
Lawrence Hansen to second
Runner from 3rd tries for Home, throw by CF and OUT! 8-2
Pitching: RHP Buzz Stephen
Pinch Hitting: LHB Enreecko Divina 0-0: Ball
1-0: Swinging Strike
1-1: Foul Ball, location: 2F
1-2: Foul Ball, location: 2F
1-2: Foul Ball, location: 2F
1-2: Ball
2-2: Foul Ball, location: 2F
2-2: Fielders Choice at 2nd, 6-4 (Groundball, 6, EV 86.2 MPH)
Lawrence Hansen to third
Batting: RHB Robert Gardner 0-0: Ball
1-0: Called Strike
Enreecko Divina steals 2nd base (no throw)
1-1: Fly out, F9 (Flyball, 89D, EV 100.0 MPH)
Top of the 9th over - 4 runs, 2 hits, 0 errors, 2 left on base; Red Bank 5 - Spokane 5
BOTTOM OF THE 9TH
Spokane Words batting - Pitching for Red Bank Clerks : RHP Nakamaro Ishikawa
Pitching: RHP Wayne Young
Now at C: John Bateman
Now at 3B: Danny Napoleon
Now at SS: Steve Whitaker
Batting: RHB Will Ward 0-0: Ground out U3 (Groundball, 34S, EV 89.4 MPH)
Batting: LHB Leland Pearson 0-0: Called Strike
0-1: Ball
1-1: Foul Ball, location: 2F
1-2: Strikes out swinging
Batting: RHB Rafael Cordola 0-0: Called Strike
0-1: Called Strike
0-2: Ground out 6-3 (Groundball, 6M, EV 80.6 MPH)
Bottom of the 9th over - 0 runs, 0 hits, 0 errors, 0 left on base; Red Bank 5 - Spokane 5
TOP OF THE 10TH
Red Bank Clerks batting - Pitching for Spokane Words : RHP Buzz Stephen
Batting: LHB Steve Whitaker 0-0: Ball
1-0: Foul Ball, location: 2F
1-1: Foul Ball, location: 2F
1-2: Ball
2-2: Ball
3-2: Strikes out swinging
Batting: RHB Mike Hayes 0-0: Ball
1-0: Foul Ball, location: 2F
1-1: Ball
2-1: SINGLE (Groundball, 4MD, EV 105.0 MPH)
Batting: LHB Manny Aguilar 0-0: Called Strike
Mike Hayes steals 2nd base
0-1: Ball
1-1: Swinging Strike
1-2: Foul Ball, location: 2F
1-2: Ball
2-2: Fly out, F9 (Flyball, 9LM, EV 91.2 MPH)
Runner from 2nd tags up, SAFE at 3rd with throw by RF
Batting: SHB Bryce Klein 0-0: Called Strike
0-1: Ball
1-1: Ball
2-1: Ball
3-1: Called Strike
3-2: Strikes out looking
Top of the 10th over - 0 runs, 1 hit, 0 errors, 1 left on base; Red Bank 5 - Spokane 5
BOTTOM OF THE 10TH
Spokane Words batting - Pitching for Red Bank Clerks : RHP Wayne Young
Batting: RHB David Duke 0-0: Ball
1-0: Ball
2-0: Called Strike
2-1: Called Strike
2-2: Ball
3-2: Base on Balls
Batting: SHB Ray Ellis 0-0: Called Strike
0-1: Ball
1-1: Ball
2-1: Ball
3-1: Called Strike
3-2: Foul Ball, location: 2F
3-2: SINGLE (Popup, 3D, EV 59.4 MPH)
David Duke to second
Batting: SHB Bob Densham 0-0: Called Strike
0-1: Bunt missed!
0-2: Ball
1-2: Fly out, F6 (Popup, 6MS, EV 41.2 MPH)
Pinch Hitting: RHB Nick Mahoney 0-0: Ball
1-0: Swinging Strike
1-1: Foul Ball, location: 2F
1-2: Ball
2-2: Ball
3-2: Strikes out swinging
Pitching: RHP Eddy Davis
Pinch Hitting: LHB José Macías 0-0: Ball
1-0: Foul Ball, location: 2F
1-1: Foul Ball, location: 2F
1-2: Strikes out swinging
Bottom of the 10th over - 0 runs, 1 hit, 0 errors, 2 left on base; Red Bank 5 - Spokane 5
TOP OF THE 11TH
Red Bank Clerks batting - Pitching for Spokane Words : RHP Buzz Stephen
Now at 3B: Nathan Schneider
Now at SS: Mike Jackson
Batting: LHB Brian Norton 0-0: SOLO HOME RUN (Flyball, 78XD, EV 111.2 MPH), Distance : 419 ft
Batting: RHB John Bateman 0-0: Called Strike
0-1: SOLO HOME RUN (Line Drive, 78XD, EV 107.5 MPH), Distance : 419 ft
Batting: RHB Tony Green 0-0: Called Strike
0-1: Called Strike
0-2: Ball
1-2: SINGLE (Line Drive, 9LS, EV 100.0 MPH)
Pitching: RHP Billy Wynne
Batting: RHB Danny Napoleon 0-0: Ball
1-0: Called Strike
1-1: Ground out 3-1 (Groundball, 34S, EV 73.8 MPH)
Tony Green to second
Batting: RHB Robert Gardner 0-0: Ball
1-0: Ground out 3-1 (Groundball, 34, EV 109.4 MPH)
Tony Green to third
Batting: LHB Steve Whitaker 0-0: Ball
1-0: Called Strike
1-1: Ball
2-1: Foul Ball, location: 2F
2-2: Strikes out looking
Top of the 11th over - 2 runs, 3 hits, 0 errors, 1 left on base; Red Bank 7 - Spokane 5
BOTTOM OF THE 11TH
Spokane Words batting - Pitching for Red Bank Clerks : RHP Eddy Davis
Pinch Hitting: RHB Aurelio Rodriguez 0-0: Called Strike
0-1: Swinging Strike
0-2: Reached on error, E5 (Groundball, 56, EV 106.2 MPH)
Batting: RHB Will Ward 0-0: Called Strike
0-1: Ball
1-1: Ball
2-1: Ball
3-1: Called Strike
3-2: Strikes out swinging
Batting: LHB Leland Pearson 0-0: Called Strike
0-1: Foul Ball, location: 2F
0-2: Ball
1-2: Ground out 4-3 (Groundball, 34, EV 79.4 MPH)
Aurelio Rodriguez to third
Batting: RHB Rafael Cordola 0-0: Foul Ball, location: 2F
0-1: Ball
1-1: Foul Ball, location: 2F
1-2: Ball
2-2: Strikes out swinging
Bottom of the 11th over - 0 runs, 0 hits, 1 error, 1 left on base; Red Bank 7 - Spokane 5
Monday, April 8th , 2024 - OOTP Baseball 24.8 Build 75